 Dungeon Crawl Stone Soup version 0.21.1-1-g345015fe64 (webtiles) character file.

565 Kejsarherre the Grasshopper (level 7, -3/56 HPs)
             Began as a Gnoll Warper on May 8, 2018.
             Slain by a killer bee (8 damage)
             ... on level 4 of the Dungeon.
             The game lasted 00:06:25 (2974 turns).

Kejsarherre the Grasshopper (Gnoll Warper)          Turns: 2974, Time: 00:06:26

Health: -3/56      AC: 10    Str: 13    XL:     7   Next: 32%
Magic:  8/15       EV: 11    Int: 17    God:
Gold:   162        SH:  0    Dex: 15    Spells: 15/17 levels left

rFire    + . .     SeeInvis +   a - +0 mace (protect)
rCold    + . .     Gourm    .   (no shield)
rNeg     . . .     Faith    .   h - +0 scale mail
rPois    +         Spirit   .   u - +2 helmet
rElec    +         Reflect  .   (no cloak)
rCorr    +         Harm     .   (no gloves)
MR       .....                  (no boots)
Stlth    +.........             (no amulet)
HPRegen  0.18/turn              j - ring of see invisible
MPRegen  0.14/turn              (no ring)

@: lethally poisoned (-3 -> -6), resistant
A: distributed training, fangs 1, strong nose
a: no special abilities


You were on level 4 of the Dungeon.
You were hungry.

You visited 1 branch of the dungeon, and saw 4 of its levels.

You collected 162 gold pieces.

Inventory:

Hand Weapons
 a - a +0 mace of protection (weapon)
 b - a +0 hunting sling
Missiles
 e - 5 tomahawks of dispersal
 o - 36 stones
 v - 6 javelins (quivered)
Armour
 h - a +0 scale mail (worn)
 u - a +2 helmet (worn)
Jewellery
 j - a ring of see invisible (left hand)
Scrolls
 d - a scroll of blinking
 g - 2 scrolls of teleportation {unknown}
 i - 5 scrolls of identify {unknown}
 k - 2 scrolls of remove curse {unknown}
 m - a scroll of random uselessness {unknown}
 p - 2 scrolls of amnesia {unknown}
 r - a scroll of magic mapping {unknown}
Potions
 s - a potion of berserk rage {unknown}
 t - a potion of agility {unknown}
Books
 c - a book of Spatial Translocations

   Spells                             Type                      Level
   a - Blink                          Translocation                2
   b - Shroud of Golubria             Charms/Translocation         2
   c - Lesser Beckoning               Translocation                3
   d - Gell's Gravitas                Translocation                3
   e - Teleport Other                 Translocation                3
   f - Passage of Golubria            Translocation                4
Comestibles
 l - 5 rations


   Skills:
 + Level 5.2 Fighting
 + Level 2.3 Short Blades
 + Level 2.3 Long Blades
 + Level 5.2 Axes
 + Level 2.3 Maces & Flails
 + Level 2.3 Polearms
 + Level 2.3 Staves
 + Level 2.3 Slings
 + Level 2.3 Bows
 + Level 2.3 Crossbows
 + Level 3.5 Throwing
 + Level 3.5 Armour
 + Level 5.2 Dodging
 + Level 2.3 Stealth
 + Level 2.3 Shields
 + Level 2.3 Unarmed Combat
 + Level 5.5 Spellcasting
 + Level 1.9 Conjurations
 + Level 1.9 Hexes
 + Level 1.9 Charms
 + Level 1.9 Summonings
 + Level 1.9 Necromancy
 + Level 5.8 Translocations
 + Level 1.9 Transmutations
 + Level 1.9 Fire Magic
 + Level 1.9 Ice Magic
 + Level 1.9 Air Magic
 + Level 1.9 Earth Magic
 + Level 1.9 Poison Magic
 + Level 2.6 Invocations
 + Level 2.3 Evocations


You had 15 spell levels left.
You knew the following spells:

 Your Spells              Type           Power        Failure   Level  Hunger
a - Blink                 Tloc           N/A          8%          2    #......


Dungeon Overview and Level Annotations

Branches:
Dungeon (4/15)
 Temple: D:4-7

Altars:
Ashenzari
Fedhas


Innate Abilities, Weirdness & Mutations

Your experience applies equally to all skills.
You have very sharp teeth.
Your uncanny sense of smell can sniff out nearby items.


Message History

The killer bee stings you but does no damage. x2
The killer bee stings you.
* * * LOW HITPOINT WARNING * * *
The killer bee stings you.
* * * LOW HITPOINT WARNING * * *
Unknown command.
Okay, then.
Casting: Blink
Confirm with . or Enter, or press ? or * to list all spells.
You blink.
You feel sick.
The killer bee stings you but does no damage. x2
Unknown command.
It was a potion of resistance.
You feel protected. The killer bee barely misses you.
The killer bee stings you but does no damage.
The killer bee stings you.
* * * LOW HITPOINT WARNING * * *
The killer bee stings you!
You die...

### ### ##.## ..
##########...## .#
#.....yy#.....#####y###
###
#.####@yyyys......ys...
..# #.#
##.###.#######y### #.#
##.## ### #.# .# #.#
##...# #.# .# #.#
#....# #+# .. ∆ #.#
#....# ## ..# #(####
### #.#.## ∆
#########....#### ∆


You could see 6 killer bees and a giant cockroach.

Vanquished Creatures
  Menkaure (D:4)
  2 orc priests (D:4)
  A hound (D:4)
  6 orc wizards (D:4)
  Terence (D:2)
  3 gnolls
  6 adders
  3 oozes
  A worm (D:3)
  An adder skeleton (D:4)
  A dart slug (D:1)
  A leopard gecko (D:1)
  11 orcs (D:4)
  5 bats
  4 giant cockroaches
  A goblin (D:1)
  4 hobgoblins
  4 jackals (D:1)
  A quokka (D:2)
  4 frilled lizards
  3 kobolds
  3 rats
67 creatures vanquished.

Notes
Turn   | Place    | Note
-------+----------+-------------------------------------------
     0 | D:1      | Kejsarherre the Gnoll Warper began the quest for the Orb.
     0 | D:1      | Reached XP level 1. HP: 20/20 MP: 6/6
    72 | D:1      | Reached XP level 2. HP: 14/26 MP: 7/7
   226 | D:1      | Learned a level 2 spell: Blink
   624 | D:1      | Reached XP level 3. HP: 30/31 MP: 9/9
   729 | D:2      | Reached skill level 5 in Spellcasting
   747 | D:1      | Reached skill level 1 in Invocations
   785 | D:2      | Noticed Terence
   814 | D:2      | Killed Terence
   814 | D:2      | Reached skill level 1 in Short Blades
   814 | D:2      | Reached skill level 1 in Long Blades
   814 | D:2      | Reached skill level 1 in Maces & Flails
   814 | D:2      | Reached skill level 1 in Polearms
   814 | D:2      | Reached skill level 1 in Staves
   814 | D:2      | Reached skill level 1 in Slings
   814 | D:2      | Reached skill level 1 in Bows
   814 | D:2      | Reached skill level 1 in Crossbows
   814 | D:2      | Reached skill level 1 in Stealth
   814 | D:2      | Reached skill level 1 in Shields
   814 | D:2      | Reached skill level 1 in Unarmed Combat
   814 | D:2      | Reached skill level 1 in Evocations
   814 | D:2      | Reached XP level 4. HP: 17/38 MP: 11/11
  1125 | D:2      | Reached skill level 1 in Conjurations
  1125 | D:2      | Reached skill level 1 in Hexes
  1125 | D:2      | Reached skill level 1 in Charms
  1125 | D:2      | Reached skill level 1 in Summonings
  1125 | D:2      | Reached skill level 1 in Necromancy
  1125 | D:2      | Reached skill level 1 in Transmutations
  1125 | D:2      | Reached skill level 1 in Fire Magic
  1125 | D:2      | Reached skill level 1 in Ice Magic
  1125 | D:2      | Reached skill level 1 in Air Magic
  1125 | D:2      | Reached skill level 1 in Earth Magic
  1125 | D:2      | Reached skill level 1 in Poison Magic
  1149 | D:2      | Found a shattered altar of Ashenzari.
  1419 | D:3      | Reached XP level 5. HP: 39/43 MP: 12/12
  1639 | D:3      | You fall through a shaft!
  1891 | D:4      | Reached XP level 6. HP: 16/50 MP: 13/13
  2234 | D:4      | Reached skill level 5 in Fighting
  2234 | D:4      | Reached skill level 5 in Axes
  2234 | D:4      | Reached skill level 5 in Dodging
  2276 | D:4      | Noticed Menkaure
  2286 | D:4      | Killed Menkaure
  2286 | D:4      | Reached XP level 7. HP: 13/56 MP: 15/15
  2652 | D:4      | Found a blossoming altar of Fedhas.
  2974 | D:4      | Slain by a killer bee

Skill      XL: |  1  2  3  4  5  6 |
---------------+-------------------+-----
Spellcasting   | 5 |  5.5
Invocations    | 1 2 |  2.6
Short Blades   | 1 2 |  2.3
Long Blades    | 1 2 |  2.3
Maces & Flails | 1 2 |  2.3
Polearms       | 1 2 |  2.3
Staves         | 1 2 |  2.3
Slings         | 1 2 |  2.3
Bows           | 1 2 |  2.3
Crossbows      | 1 2 |  2.3
Stealth        | 1 2 |  2.3
Shields        | 1 2 |  2.3
Unarmed Combat | 1 2 |  2.3
Evocations     | 1 2 |  2.3
Conjurations   | 1 |  1.9
Hexes          | 1 |  1.9
Charms         | 1 |  1.9
Summonings     | 1 |  1.9
Necromancy     | 1 |  1.9
Transmutations | 1 |  1.9
Fire Magic     | 1 |  1.9
Ice Magic      | 1 |  1.9
Air Magic      | 1 |  1.9
Earth Magic    | 1 |  1.9
Poison Magic   | 1 |  1.9
Throwing       | 3 |  3.5
Armour         | 3 |  3.5
Fighting       | 5 |  5.2
Axes           | 5 |  5.2
Dodging        | 5 |  5.2
Translocations | |  5.8

Action                   |  1- 3 |  4- 6 |  7- 9 || total
-------------------------+-------+-------+-------++-------
Melee: Hand axe          |    75 |     2 |       ||    77
       Bite              |     6 |     6 |     8 ||    20
       Mace              |       |   113 |    73 ||   186
       Punch             |       |     1 |       ||     1
 Fire: Hunting sling     |       |    83 |       ||    83
Throw: Javelin           |       |       |     2 ||     2
 Cast: Blink             |       |       |     4 ||     4
  Use: Potion            |       |       |     2 ||     2
  Eat: Ration            |       |     1 |       ||     1
       Chunk             |       |     1 |     2 ||     3
Armor: Leather armour    |     6 |       |       ||     6
       Scale mail        |    15 |    92 |    53 ||   160
Dodge: Dodged            |    45 |   102 |    52 ||   199
